 Dungeon Crawl Stone Soup version 0.28.0-53-g5a82cb258f (webtiles) character file.

Game seed: 7641943779964214746

103 Plasmagod the Insei (level 4, -14/35 HPs)
             Began as a Draconian Transmuter on Aug 2, 2022.
             Demolished by Sigmund
             ... wielding a +0 scythe
              (18 damage)
             ... on level 3 of the Dungeon.
             The game lasted 00:05:12 (3175 turns).

Plasmagod the Insei (Draconian Transmuter)          Turns: 3175, Time: 00:05:13

Health: -14/35     AC:  5    Str: 12    XL:     4   Next: 51%
Magic:  6/7        EV: 12    Int: 15    God:
Gold:   101        SH:  0    Dex: 12    Spells: 6/7 levels left

rFire   . . .      SeeInvis .     - Unarmed
rCold   . . .      Faith    .   (no shield)
rNeg    . . .      Spirit   .   (armour unavailable)
rPois   .          Reflect  .   (helmet currently unavailable)
rElec   .          Harm     .   (no cloak)
rCorr   .          Rampage  .   (no gloves)
Will    .....                   (boots currently unavailable)
Stlth   +.........              (no amulet)
HPRegen 0.11/turn               (no ring)
MPRegen 0.10/turn               (no ring)

@: appendages (expiring)
A: horns 2, talons 2, AC +5, unfitting armour, cold-blooded
a: End Transformation


You were on level 3 of the Dungeon.
You had temporarily grown beastly horns and talons.
You visited 1 branch of the dungeon, and saw 3 of its levels.

You collected 101 gold pieces.

Inventory:

Jewellery
 c - a ring of ice
 j - a ring of fire
Scrolls
 d - a scroll of amnesia {unknown}
 e - a scroll of vulnerability {unknown}
 f - a scroll of noise {unknown}
 h - a scroll of holy word {unknown}
 i - 3 scrolls of brand weapon {unknown}
Potions
 a - a potion of mutation {unknown}
 b - a potion of haste {unknown}
 g - 2 potions of flight {unknown}


   Skills:
 - Level 1.1 Fighting
 - Level 1.7 Dodging
 + Level 5.3 Unarmed Combat
 - Level 2.0 Spellcasting
 - Level 2.0 Transmutations


You had 6 spell levels left.
You knew the following spells:

 Your Spells              Type           Power      Damage    Failure   Level
a - Beastly Appendage     Tmut           14%        N/A       10%         1

Your spell library contained the following spells:

 Spells                   Type           Power      Damage    Failure   Level
 Wereblood                Tmut           7%         N/A       14%         2
 Spider Form              Tmut/Pois      4%         N/A       41%         3
 Ice Form                 Ice/Tmut       4%         N/A       82%         4


Dungeon Overview and Level Annotations

Branches:
Dungeon (3/15)

Altars:
Vehumet

Annotations:
D:3 Sigmund


Innate Abilities, Weirdness & Mutations

You have temporarily grown beastly horns and talons.
Your plain brown scales are hard. (AC +5)
You cannot fit into any form of body armour.
You are cold-blooded and may be slowed by cold attacks.


Message History

Your transformation is almost over.
You closely miss the orc. Your kick misses the orc.
Your headbutt misses the orc.
Your tail-slap misses the orc.
The orc hits you with a +0 club.
You hit the orc.
You tail-slap the orc, but do no damage.
The orc is lightly wounded.
Sigmund barely misses you. The orc hits you with a +0 club.
You closely miss the orc.
The orc is lightly wounded.
The orc barely misses you.
You hit the orc.
You kill the orc!
Sigmund casts a spell.
Sigmund flickers and vanishes!
Deactivating autopickup; reactivate with Ctrl-A.
Your horns disappear.
Your talons disappear.
The orc wizard casts a spell.
The orc wizard flickers and vanishes!
You grow a pair of large bovine horns.
Your feet morph into talons.
You hit the orc but do no damage. You claw the orc, but do no damage.
Your punch misses the orc. The orc hits you but does no damage.
You hit the orc. You claw the orc, but do no damage.
The orc is heavily wounded.
Something hits you! The orc barely misses you.
You hit the orc but do no damage. Your kick misses the orc.
Your headbutt misses the orc.
You tail-slap the orc, but do no damage.
The orc is heavily wounded.
You hit the orc. You claw the orc, but do no damage.
The orc is severely wounded.
The orc barely misses you. Something hits you!
* * * LOW HITPOINT WARNING * * *
You closely miss the orc.
You tail-slap the orc, but do no damage.
The orc is severely wounded.
Your transformation is almost over.
The orc barely misses you. Something hits you!!
Ouch! That really hurt!
You die...

#####.....#
#######.)...#
........††..#.#
..............#
........###...#
........###...###
..........+...+.#
........###...#.#
.......@# ..#.#
.......o#######'##
.................#
#######..o.......##
#...........#
#........o..#
......[......##
...............#
#.............#.##


You could see 2 orcs.

Vanquished Creatures
  4 adders (D:2)
  An orc (D:3)
  An endoplasm (D:1)
  9 giant cockroaches
  8 goblins
  4 hobgoblins
  4 jackals (D:3)
  A quokka (D:2)
  7 ball pythons
  5 bats
  4 frilled lizards
  9 kobolds
  9 rats
  A spectral kobold (D:2)
67 creatures vanquished.

Vanquished Creatures (others)
  An endoplasm (D:1)
  4 fungi (D:3)
  4 plants (D:3)
9 creatures vanquished.

Grand Total: 76 creatures vanquished

Notes
Turn   | Place    | Note
-------+----------+-------------------------------------------
     0 | D:1      | Plasmagod the Draconian Transmuter began the quest for the
                  | Orb.
     0 | D:1      | Reached XP level 1. HP: 16/16 MP: 3/3
   401 | D:1      | Reached XP level 2. HP: 11/23 MP: 5/5
   959 | D:1      | Reached skill level 4 in Unarmed Combat
   962 | D:1      | HP: 1/23 [kobold/stone (2)]
   973 | D:2      | Found a radiant altar of Vehumet.
  1654 | D:1      | You fall into a shaft and drop 1 floor!
  1681 | D:2      | Reached XP level 3. HP: 20/28 MP: 4/6
  2304 | D:2      | Reached XP level 4. HP: 32/35 MP: 7/7
  2389 | D:2      | Reached skill level 5 in Unarmed Combat
  2465 | D:2      | Found a faded altar of an unknown god.
  3138 | D:3      | Noticed Sigmund
  3175 | D:3      | Demolished by Sigmund

Illustrated notes

Levels and vault maps discovered:
D:1:      psy_arrival_fountain, layout_rooms, minivault_14, lemuel_flame_loot_1
D:2:      minmay_evil_eye, layout_basic,
          dreamdust_ecumenical_altar_drowned_temple, basic_altar,
          minmay_worlds_worst_comb
D:3:      layout_basic, fedhas_altar_3, kennysheep_generic_room_12,
          uniq_crazy_yiuf_cottage, uniq_ijyb, uniq_sigmund, uniq_grinder

Skill      XL: |  1  2  3  4 |
---------------+-------------+-----
Unarmed Combat | 4 5 |  5.3
Fighting       | |  1.1
Dodging        | |  1.7
Spellcasting   | |  2.0
Transmutations | |  2.0

Action                   |  1- 3 |  4- 6 || total
-------------------------+-------+-------++-------
Melee: Unarmed           |   153 |    78 ||   231
       Kick              |    11 |     5 ||    16
       Tailslap          |    11 |    16 ||    27
       Headbutt          |     5 |     4 ||     9
       Punch             |     1 |       ||     1
 Cast: Beastly Appendage |    15 |     8 ||    23
 Stab: Sleeping          |       |     2 ||     2
Armor: Skin              |    79 |    26 ||   105
Dodge: Dodged            |   165 |    52 ||   217
